 Dungeon Crawl Stone Soup version 0.27-a0-633-gc6addc0a40 (webtiles) character file.

Game seed: 17297047691603412968

130 jasper the Changer (level 4, -2/21 HPs)
             Began as a Spriggan Venom Mage on Mar 13, 2021.
             Killed from afar by a white imp (3 damage)
             ... with a puff of frost
             ... summoned by Natasha
             ... on level 3 of the Dungeon.
             The game lasted 00:03:34 (3494 turns).

jasper the Changer (Spriggan Venom Mage)            Turns: 3494, Time: 00:03:34

Health: -2/21      AC:  3    Str:  4    XL:     4   Next: 90%
Magic:  8/9        EV: 17    Int: 17    God:
Gold:   165        SH:  0    Dex: 15    Spells: 1/8 levels left

rFire    + . .     SeeInvis +   n - +4 quarterstaff (chaos)
rCold    + . .     Faith    .   (shield currently unavailable)
rNeg     . . .     Spirit   .   a - +0 robe
rPois    +         Reflect  .   (helmet restricted)
rElec    +         Harm     .   m - +0 cloak
rCorr    +         Rampage  .   (gloves unavailable)
Will     .....                  (boots unavailable)
Stlth    ++........             i - amulet of magic regeneration
HPRegen  0.07/turn              (no ring)
MPRegen  0.36/turn              (no ring)

@: mighty, brilliant, resistant, very quick
A: very small, no large weapons, unfitting armour, see invisible, speed 3
a: no special abilities


You were on level 3 of the Dungeon.
You visited 1 branch of the dungeon, and saw 3 of its levels.

You collected 165 gold pieces.

Inventory:

Hand Weapons
 n - a +4 quarterstaff of chaos (weapon)
 p - a +1 dagger of speed
Missiles
 c - 54 arrows
 o - 22 bolts
Armour
 a - a +0 robe (worn)
 m - a +0 cloak (worn)
Jewellery
 i - an amulet of magic regeneration (around neck)
Scrolls
 f - 2 scrolls of identify {unknown}
 g - a scroll of enchant weapon {unknown}
 h - 2 scrolls of teleportation {unknown}
Potions
 b - a potion of flight {unknown}
 d - a potion of might
 e - a potion of brilliance
 j - a potion of mutation {unknown}
 k - a potion of haste {unknown}
 l - a potion of resistance


   Skills:
 - Level 2.6 Dodging
 - Level 3.0 Stealth
 - Level 2.6 Spellcasting
 + Level 4.5 Transmutations
 + Level 4.5 Poison Magic


You had one spell level left.
You knew the following spells:

 Your Spells              Type           Power      Damage    Failure   Level
a - Sting                 Tmut/Pois      100%       1d8       2%          1
b - Mephitic Cloud        Conj/Pois/Air  11%        N/A       28%         3
c - Ignite Poison         Fire/Tmut/Pois 18%        N/A       16%         3

Your spell library contained the following spells:

 Spells                   Type           Power      Damage    Failure   Level
 Poisonous Vapours        Pois/Air       28%        N/A       11%         2
 Olgreb's Toxic Radiance  Pois           26%        N/A       28%         4


Dungeon Overview and Level Annotations

Branches:
Dungeon (3/15)

Altars:
Fedhas
Hepliaklqana
Nemelex Xobeh
The Shining One

Annotations:
D:3 Grinder, Natasha


Innate Abilities, Weirdness & Mutations

You are very small and have problems with some larger weapons.
You are too small for most types of armour.
You have supernaturally acute eyesight. (SInv)
You cover ground extremely quickly. (Speed+++)


Message History

Natasha, Servant of Life and Death comes into view.
Natasha hisses angrily.
MP restored: 9 Natasha is nearby!
Aiming: Sting (safe; 2% risk of failure)
Press: ? - help, Q - select action Shift-Dir - straight line, f - Natasha
Aim: Natasha (33% to evade)
The sting misses Natasha.
Natasha stares at you and mumbles some strange words.
The magic dart hits you!
You take 8 damage, and have 13/21 hp.
MASSIVE DAMAGE!!
You now have 8/9 mp.
Aiming: Sting (safe; 2% risk of failure)
Press: ? - help, Q - select action Shift-Dir - straight line, f/p - Natasha
Aim: Natasha (33% to evade)
The sting hits Natasha.
Natasha is poisoned.
Natasha is moderately wounded.
Natasha casts a spell.
You now have 7/9 mp.
Aiming: Sting (safe; 2% risk of failure)
Press: ? - help, Q - select action Shift-Dir - straight line, f/p - Natasha
Aim: Natasha (heavily wounded, poisoned, 33% to evade)
The sting hits Natasha.
Natasha looks even sicker.
Natasha is severely wounded.
Natasha stares at you and mumbles some strange words.
The magic dart hits you. The white imp gestures at you.
The puff of frost hits you!
* * * LOW HITPOINT WARNING * * *
You take 12 damage, and have 1/21 hp.
MASSIVE DAMAGE!!
Okay, then.
It was a potion of might.
You feel very mighty all of a sudden.
It was a potion of brilliance.
You feel clever all of a sudden. The white imp barely misses you.
It was a potion of resistance.
You feel protected.
Natasha mumbles some strange words.
The white imp gestures at you. The puff of frost hits you. You resist.
You die...

.# #....<# .###
###.### ...# #.#
.#.# ...# #.# .#.#
..# #.# .#.# ..#
######.# .#.# ..#
#h5....# .#.#######
#.# #5# ###
...#.....# #.# #@#
.###.###.# #.# #.#
.# #.###.###.###.#
.###.#...........#
.......#.#.###.###
##########
####.###.#.# #.##
#......... #.....#.#
#..# #####.#.##.##.
#######.#
##.####.......##.##.
####
#......#.....##.##.


You could see Natasha (very poisoned), a white imp (summoned) and a shadow imp
(summoned).

Vanquished Creatures
  Crazy Yiuf (D:2)
  3 adders
  An ooze (D:2)
  3 worms (D:2)
  2 leopard geckos
  An orc (D:3)
  4 bats
  13 giant cockroaches
  8 goblins
  4 hobgoblins
  3 jackals (D:2)
  4 kobolds
  2 quokkas (D:2)
  A ball python (D:2)
  3 frilled lizards
  4 rats
57 creatures vanquished.

Notes
Turn   | Place    | Note
-------+----------+-------------------------------------------
     0 | D:1      | jasper the Spriggan Venom Mage began the quest for the Orb.
     0 | D:1      | Reached XP level 1. HP: 9/9 MP: 5/5
   611 | D:1      | Reached XP level 2. HP: 13/13 MP: 2/6
  1348 | D:1      | Reached XP level 3. HP: 16/16 MP: 6/8
  1352 | D:1      | Learned a level 3 spell: Mephitic Cloud
  2295 | D:2      | Found a blossoming altar of Fedhas.
  2370 | D:2      | Reached XP level 4. HP: 21/21 MP: 5/9
  2391 | D:2      | Found a glowing golden altar of the Shining One.
  2396 | D:2      | Learned a level 3 spell: Ignite Poison
  2490 | D:2      | Found a runed translucent door.
  2491 | D:2      | Noticed Crazy Yiuf
  2590 | D:2      | Killed Crazy Yiuf
  2959 | D:3      | Found a hazy altar of Hepliaklqana.
  2975 | D:3      | Found a sparkling altar of Nemelex Xobeh.
  3106 | D:3      | Noticed Grinder
  3487 | D:3      | Noticed Natasha
  3490 | D:3      | HP: 1/21 [white imp/puff of frost[Natasha] (9)]
  3494 | D:3      | Killed from afar by a white imp

Illustrated notes

Levels and vault maps discovered:
D:1:      wander_arrival_chamber, layout_loops_corners,
          hangedman_feature_mirror, grunt_decor_fettered
D:2:      layout_loops_ring, marbit_many_paths, lemuel_crystal_altar,
          nicolae_underground_beach, uniq_crazy_yiuf_cottage
D:3:      minmay_roachtagon, layout_loops_cross, nicolae_overflow_crystal_walls,
          overflow_temple_1_default, minmay_between, uniq_grinder, uniq_natasha

Skill      XL: |  1  2  3  4 |
---------------+-------------+-----
Transmutations | 2 3 4 |  4.5
Poison Magic   | 4 |  4.5
Dodging        | |  2.6
Stealth        | |  3.0
Spellcasting   | |  2.6

Action                   |  1- 3 |  4- 6 || total
-------------------------+-------+-------++-------
Melee: Unarmed           |    13 |       ||    13
       Quarterstaff      |       |     9 ||     9
 Cast: Sting             |    77 |    46 ||   123
  Use: Potion            |       |     3 ||     3
Armor: Robe              |     4 |     6 ||    10
Dodge: Dodged            |    38 |    35 ||    73

Table legend: (Time is in decaauts)
 A = Elapsed time spent in this place.
 B = Non-inter-level travel time spent in this place.
 C = Inter-level travel time spent in this place.
 D = Time resting spent in this place.
 E = Time spent auto-exploring this place.
 F = Levels seen in this place.
 G = Mean time per level.
                   A        B        C        D        E       F      G
               +--------+--------+--------+--------+--------+-----+--------+
         Total |   2668 |   2598 |     70 |     93 |   2182 |   3 |  889.3 |
       Dungeon |   2668 |   2598 |     70 |     93 |   2182 |   3 |  889.3 |
               +--------+--------+--------+--------+--------+-----+--------+

Top non-repeatable levels by time:
     D:2: 1191 daAuts
     D:1: 1017 daAuts
     D:3: 459 daAuts
